 Dungeon Crawl Stone Soup version 0.23.2-33-g5129a83184 (webtiles) character file.

Game seed: 6754252074315100142

137 Folque the Magician (level 5, -1/40 HPs)
             Began as a Draconian Ice Elementalist on July 7, 2019.
             Slain by an orc wizard
             ... wielding a +0 war axe
              (12 damage)
             ... on level 3 of the Dungeon.
             The game lasted 00:05:26 (2495 turns).

Folque the Magician (Draconian Ice Elementalist)    Turns: 2495, Time: 00:05:28

Health: -1/40      AC:  6    Str: 10    XL:     5   Next: 0%
Magic:  9/11       EV: 12    Int: 17    God:
Gold:   149        SH:  0    Dex: 11    Spells: 2/12 levels left

rFire    . . .     SeeInvis .   o - +0 long sword
rCold    . . .     Gourm    .   (no shield)
rNeg     . . .     Faith    .   (armour unavailable)
rPois    .         Spirit   .   (helmet restricted)
rElec    .         Reflect  .   c - +0 cloak
rCorr    .         Harm     .   (no gloves)
MR       .....                  (no boots)
Stlth    ++........             (no amulet)
HPRegen  0.13/turn              (no ring)
MPRegen  0.12/turn              (no ring)

@: no status effects
A: unfitting armour, cold-blooded, AC +5
a: no special abilities


You were on level 3 of the Dungeon.
You were not hungry.

You visited 1 branch of the dungeon, and saw 3 of its levels.

You collected 149 gold pieces.

Inventory:

Hand Weapons
 a - a +0 mace
 o - a +0 long sword (weapon)
Missiles
 t - 5 javelins (quivered)
Armour
 c - a +0 cloak (worn)
Jewellery
 h - an uncursed ring of fire
Wands
 p - a wand of flame (7)
Scrolls
 f - 3 scrolls of amnesia {unknown}
 i - a scroll of random uselessness {unknown}
 j - 3 scrolls of remove curse {unknown}
 m - a scroll of immolation {unknown}
 n - a scroll of fog {unknown}
 q - a scroll of identify {unknown}
 r - a scroll of teleportation {unknown}
Potions
 d - a potion of flight {unknown}
 e - 2 potions of might {unknown}
 g - a potion of agility {unknown}
 k - a potion of mutation {unknown}
 l - a potion of curing {unknown}
 u - a potion of lignification {unknown}
Comestibles
 b - 8 rations
 s - 5 chunks of flesh


   Skills:
 - Level 1.0 Fighting
 - Level 1.7 Dodging
 - Level 1.7 Stealth
 - Level 4.0 Spellcasting
 - Level 1.0 Conjurations
 * Level 0.3 Summonings
 + Level 4.0 Ice Magic


You had 2 spell levels left.
You knew the following spells:

 Your Spells              Type           Power        Failure   Level  Hunger
a - Freeze                Ice            ###.         3%          1    None
b - Throw Frost           Conj/Ice       ##....       9%          2    ##.....
c - Ozocubu's Armour      Chrm/Ice       ##......     21%         3    ###....
d - Summon Ice Beast      Ice/Summ       ##......     54%         4    ####...

Your spell library contained the following spells:

 Spells                   Type           Power        Failure   Level  Hunger
 Throw Icicle             Conj/Ice       ##......     50%         4    ####...


Dungeon Overview and Level Annotations

Branches:
Dungeon (3/15)

Altars:
Nemelex Xobeh
Wu Jian


Innate Abilities, Weirdness & Mutations

Your plain brown scales are hard. (AC +5)
You cannot fit into any form of body armour.
You are cold-blooded and may be slowed by cold attacks.


Message History

You freeze something. Something hits you.
Casting: Freeze (safe; 3% risk of failure)
Confirm with . or Enter, or press ? or * to list all spells.
Aiming: Freeze (safe; 3% risk of failure)
Press: ? - help, Shift-Dir - straight line You freeze something.
Something hits you.
You barely miss something. You tail-slap something.
You hear some strange, mumbled words.
Something tries to affect you, but you resist.
You miss something. You tail-slap something.
You hear some strange, mumbled words.
A puff of flame appears from out of thin air!
The puff of flame misses you.
You miss something.
You hear some strange, mumbled words.
A magic dart appears from out of thin air!
The magic dart hits you.
* * * LOW HITPOINT WARNING * * *
Something hits you!
You die...

...#.....######........
...#.........##........
..........<..##......#
.......#.[....<......###
.......#.................#
.......#..................
..........................
..#........#...)##........
###........#....@.........
#...............{).......
#......###.###.......######
...........................
...#####...............#..
.......#...............#
...............#.......#
###............#.......# .
###..................#......#


There were no monsters in sight!

Vanquished Creatures
  A crimson imp (D:2)
  A worker ant (D:3)
  An adder (D:2)
  2 worms
  2 dart slugs
  4 leopard geckos
  5 orcs
  3 giant cockroaches
  4 goblins
  7 hobgoblins
  4 jackals (D:1)
  5 kobolds
  A quokka (D:2)
  5 bats
  3 frilled lizards
  3 rats (D:1)
51 creatures vanquished.

Notes
Turn   | Place    | Note
-------+----------+-------------------------------------------
     0 | D:1      | Folque the Draconian Ice Elementalist began the quest for
                  | the Orb.
     0 | D:1      | Reached XP level 1. HP: 14/14 MP: 3/3
    67 | D:1      | Found a sparkling altar of Nemelex Xobeh.
   344 | D:1      | Reached XP level 2. HP: 19/22 MP: 5/5
   414 | D:1      | Reached skill level 1 in Fighting
   432 | D:1      | Learned a level 2 spell: Throw Frost
   815 | D:1      | Reached XP level 3. HP: 28/28 MP: 7/7
  1277 | D:2      | Learned a level 3 spell: Ozocubu's Armour
  1323 | D:2      | Found an ornate altar of the Wu Jian Council.
  1773 | D:3      | Reached XP level 4. HP: 17/35 MP: 6/9
  1789 | D:3      | Learned a level 4 spell: Summon Ice Beast
  2489 | D:3      | Reached XP level 5. HP: 31/40 MP: 11/11
  2495 | D:3      | Slain by an orc wizard

Skill      XL: |  1  2  3  4 |
---------------+-------------+-----
Fighting       | 1 |  1.0
Spellcasting   | 3 4 |  4.0
Ice Magic      | 4 |  4.0
Dodging        | |  1.7
Stealth        | |  1.7
Conjurations   | |  1.0
Summonings     | |  0.3

Action                   |  1- 3 |  4- 6 || total
-------------------------+-------+-------++-------
Melee: Mace              |   109 |    28 ||   137
       Tailslap          |     5 |     6 ||    11
       Long sword        |       |    21 ||    21
 Cast: Freeze            |    10 |    16 ||    26
 Stab: Sleeping          |     2 |     1 ||     3
  Eat: Chunk             |     3 |     2 ||     5
Armor: Skin              |    45 |    19 ||    64
Dodge: Dodged            |   106 |    42 ||   148
       Rpst.: Long sword |       |     7 ||     7
